 Dungeon Crawl Stone Soup version 0.29.0-11-gd7f09526c8 (webtiles) character file.

Game seed: 13103592029609955216

313 Monkooky the Cudgeller (level 6, -4/48 HPs)
             Began as a Barachi Chaos Knight on Sept 4, 2022.
             Was a Follower of Okawaru.
             Slain by a wyvern (7 damage)
             ... on level 4 of the Dungeon.
             The game lasted 00:08:27 (3458 turns).

Monkooky the Cudgeller (Barachi Chaos Knight)       Turns: 3458, Time: 00:08:28

Health: -4/48      AC:  9    Str: 15    XL:     6   Next: 43%
Magic:  4/6        EV: 14    Int: 12    God:    Okawaru [*.....]
Gold:   211        SH:  0    Dex: 12    Spells: 5/5 levels left

rFire   . . .      SeeInvis .   w - +1 whip (elec)
rCold   . . .      Faith    .   (no shield)
rNeg    . . .      Spirit   .   b - +2 leather armour
rPois   .          Reflect  .   (no helmet)
rElec   .          Harm     .   (no cloak)
rCorr   .          Rampage  .   (no gloves)
Will    .....                   t - +2 pair of boots
Stlth   +++.......              (no amulet)
HPRegen 0.16/turn               (no ring)
MPRegen 0.10/turn               (no ring)

@: heroic, slow
A: amphibious, slowness 1, strong legs 1, +LOS
a: Hop, Renounce Religion, Heroism


You were on level 4 of the Dungeon.
You worshipped Okawaru.
Okawaru was aware of your devotion.
You visited 1 branch of the dungeon, and saw 4 of its levels.

You collected 211 gold pieces.

Inventory:

Hand Weapons
 a - a +0 falchion of chaos
 w - a +1 whip of electrocution (weapon)
Missiles
 n - 10 poisoned darts (quivered)
Armour
 b - a +2 leather armour (worn)
 e - a +0 pair of boots
 t - a +2 pair of boots (worn)
 u - the +1 leather armour of the Desert {rElec}
   (You took it off a hobgoblin on level 3 of the Dungeon)

   rElec:     It insulates you from electricity.
Magical Staves
 h - a staff of air
Jewellery
 m - an amulet of magic regeneration
 x - a ring of protection from fire
Scrolls
 f - a scroll of blinking
 j - a scroll of noise {unknown}
 k - 5 scrolls of teleportation
 l - 3 scrolls of vulnerability
 q - a scroll of magic mapping {unknown}
 s - 2 scrolls of torment
 y - a scroll of enchant armour {unknown}
 z - a scroll of fear {unknown}
Potions
 d - 3 potions of flight
 g - 2 potions of curing
 i - 2 potions of magic {unknown}
 p - 2 potions of degeneration {unknown}
 v - 2 potions of lignification {unknown}
 A - a potion of brilliance {unknown}
Miscellaneous
 c - a piece from Xom's chessboard (15/15)


   Skills:
 - Level 4.1(9.1) Fighting
 - Level 3.8(8.8) Long Blades
 + Level 4.6(9.6) Maces & Flails
 - Level 3.6(8.6) Throwing
 - Level 2.6(7.6) Armour
 - Level 1.3(6.3) Dodging


You had 5 spell levels left.
You didn't know any spells.
Your spell library was empty.

Dungeon Overview and Level Annotations

Branches:
Dungeon (4/15)
 Temple: D:4-7

Altars:
Ashenzari
Gozag
Okawaru

Annotations:
D:3 exclusion: downstairs
D:4 3 runed translucent doors, BJBlazkowicz's ghost, amateur HuBe


Innate Abilities, Weirdness & Mutations

You are amphibious.
You cover ground slowly.
You can hop short distances.
You have an extended range of vision and can be seen from far away.


Message History

You hear the brisk rusting of a very distant drain.
A wyvern comes into view.
The wyvern hisses angrily.
The wyvern bites you but does no damage.
You hit the wyvern.
The wyvern is lightly wounded.
The wyvern bites you!
You barely miss the wyvern.
The wyvern is lightly wounded.
The wyvern closely misses you.
You hit the wyvern but do no damage.
The wyvern is lightly wounded.
The wyvern closely misses you. The wyvern barely misses you.
You barely miss the wyvern.
The wyvern is lightly wounded.
The wyvern bites you but does no damage.
You hit the wyvern but do no damage. Lightning courses through the wyvern!
The wyvern is moderately wounded.
The wyvern bites you but does no damage.
You hit the wyvern but do no damage.
The wyvern is moderately wounded.
The wyvern closely misses you. The wyvern barely misses you.
You closely miss the wyvern.
The wyvern is moderately wounded.
The wyvern bites you.
You gain the combat prowess of a mighty hero.
The wyvern bites you but does no damage.
The wyvern bites you.
You hit the wyvern but do no damage.
The wyvern is moderately wounded.
You hit the wyvern.
The wyvern is heavily wounded.
The wyvern barely misses you. The wyvern bites you!
* * * LOW HITPOINT WARNING * * *
You barely miss the wyvern.
The wyvern is heavily wounded.
You hit the wyvern but do no damage.
The wyvern is heavily wounded.
The wyvern bites you!
You die...

#.# ........# .#.
........# #
..##....... ##
......... #† .......
## .!... ... #l#
#@##
....###..###########
...................#
...................#
###................#
#####......#...(.#
#......#.....#
########.....#
###### #.....#


You could see a wyvern.

Vanquished Creatures
  Grinder (D:4)
  Jessica (D:2)
  Terence (D:2)
  3 adders
  A worm (D:4)
  An orc (D:4)
  5 endoplasms
  A giant cockroach (D:2)
  9 hobgoblins
  5 jackals
  3 ball pythons
  2 bats (D:2)
  2 frilled lizards
  6 goblins
  4 kobolds
  3 rats
48 creatures vanquished.

Notes
Turn   | Place    | Note
-------+----------+-------------------------------------------
     0 | D:1      | Monkooky the Barachi Chaos Knight began the quest for the
                  | Orb.
     0 | D:1      | Reached XP level 1. HP: 18/18 MP: 1/1
     0 | D:1      | Fell from the grace of Xom
   274 | D:1      | Found a faded altar of an unknown god.
   299 | D:1      | Reached XP level 2. HP: 15/25 MP: 2/2
   427 | D:1      | Prayed at the altar of an unknown god.
   427 | D:1      | Became a worshipper of Warmaster Okawaru
   427 | D:1      | Reached * piety under Okawaru
   435 | D:1      | XOM: 5-stop teleportation journey
   456 | D:1      | XOM: summons 14 hostile demons
   457 | D:1      | Noticed a crimson imp
   457 | D:1      | Noticed a crimson imp
   491 | D:2      | Noticed Terence
  1420 | D:2      | Killed Terence
  1421 | D:2      | Reached XP level 3. HP: 30/30 MP: 3/3
  1535 | D:2      | Noticed Jessica
  1549 | D:2      | Killed Jessica
  1550 | D:2      | Reached XP level 4. HP: 16/37 MP: 4/4
  2114 | D:2      | XOM: summons 2 hostile shadow creatures
  2185 | D:2      | XOM: stat loss: -1 Int (11/12)
  2264 | D:2      | XOM: summons 2 hostile shadow creatures
  2574 | D:3      | Found a broken altar of Ashenzari.
  2578 | D:3      | Identified the +1 leather armour of the Desert {rElec}
  2637 | D:3      | XOM: noise
  3084 | D:3      | XOM: stat loss: -2 Int (9/12)
  3138 | D:4      | Noticed Grinder
  3291 | D:4      | Reached XP level 5. HP: 34/42 MP: 5/5
  3313 | D:4      | Reached skill level 1 in Maces & Flails
  3354 | D:4      | Found a runed translucent gate.
  3354 | D:4      | Found a runed translucent gate.
  3354 | D:4      | Found an opulent altar of Gozag.
  3355 | D:4      | Found a runed translucent gate.
  3356 | D:4      | Noticed an ogre
  3356 | D:4      | Noticed an orc warrior
  3356 | D:4      | Noticed BJBlazkowicz's ghost (amateur HuBe)
  3409 | D:4      | Paralysed by Grinder for 3 turns
  3430 | D:4      | Killed Grinder
  3431 | D:4      | Reached XP level 6. HP: 32/48 MP: 4/6
  3444 | D:4      | Noticed a wyvern
  3456 | D:4      | HP: 2/48 [wyvern (14)]
  3458 | D:4      | Slain by a wyvern

Illustrated notes

Levels and vault maps discovered:
D:1:      minmay_arrival_split_and_join, layout_basic,
          hellmonk_ecumenical_altar_arch_garden, interstate_on_off,
          chequers_serial_rivers_large_a
D:2:      layout_loops_cross, uniq_terence, uniq_jessica
D:3:      layout_basic, mainiacjoe_overflow_paths, minmay_crystal_room
D:4:      wad_crossroads, layout_basic, ebering_ghost_gozag,
          portal_sewer_entry_e, uniq_grinder

Skill      XL: |  1  2  3  4  5 |
---------------+----------------+-----
Fighting       | 4 |  4.1
Throwing       | 2 3 |  3.6
Maces & Flails | 4 |  4.6
Long Blades    | |  3.8
Armour         | |  2.6
Dodging        | |  1.3

Action                   |  1- 3 |  4- 6 || total
-------------------------+-------+-------++-------
Melee: Falchion          |    82 |    30 ||   112
       Staff             |       |    52 ||    52
       Whip              |       |    51 ||    51
       Punch             |       |     1 ||     1
Throw: Dart              |     9 |       ||     9
Invok: Renounce Religion |     1 |       ||     1
       Heroism           |     1 |     3 ||     4
 Abil: Hop               |     3 |     3 ||     6
Evoke: Piece from Xom's  |     1 |       ||     1
  Use: Scroll            |       |     6 ||     6
       Potion            |       |     3 ||     3
 Stab: Petrified         |     7 |       ||     7
Armor: Leather armour    |    79 |    74 ||   153
Dodge: Dodged            |    78 |    95 ||   173
